 Dungeon Crawl Stone Soup version 0.20-a0-1118-g35a2cd3 (webtiles) character file.

196114 M4edhros the Peltast (level 18, -8/124 HPs)
             Began as an Octopode Artificer on May 7, 2017.
             Was an Initiate of Fedhas.
             Mangled by a redback (14 damage)
             ... on level 1 of the Spider Nest on May 10, 2017.
             The game lasted 01:20:03 (35842 turns).

M4edhros the Peltast (Octopode Artificer)          Turns: 35842, Time: 01:20:05

Health: -8/124     AC:  5    Str: 23    XL:     18   Next: 36%
Magic:  26/26      EV: 24    Int: 28    God:    Fedhas [......]
Gold:   1442       SH: 20    Dex: 24    Spells: 8/28 levels left

rFire    . . .     SeeInvis .   J - +10 scimitar of Brawl {venom, rPois Int+3}
rCold    . . .     Gourm    .   G - +5 shield
rNeg     + . .     Faith    .   b - +1 hat {Int+3}
rPois    +         Spirit   .   e - amulet "Tirph" {rF- Regen+ Dex+4 Slay+3 Stlth+}
rElec    .         Reflect  .   Z - +4 ring of strength
rCorr    .         Harm     .   K - ring of protection from magic
MR       +++..                  g - +3 ring of protection
Stlth    ++++++....             E - +5 ring of intelligence
Regen    0.7/turn               i - ring of wizardry
MPRegen  0.2/turn               Q - ring of protection from magic
                                u - ring "Calurero" {rN+ Str+5 Int+4}
                                F - ring of protection from fire

@: lethally poisoned (-8 -> -30), deflect missiles
A: almost no armour, stealthy swim, amphibious, 8 rings, constrict 8, beak,
camouflage 1, agile 1, gelatinous body 1
}: 1/15 runes: barnacled
a: Fungal Bloom, Renounce Religion


You were on level 1 of the Spider Nest.
You worshipped Fedhas.
Fedhas was noncommittal.
You were not hungry.

You visited 7 branches of the dungeon, and saw 30 of its levels.
You also visited: Labyrinth.

You collected 11494 gold pieces.
You spent 1774 gold pieces at shops.
You paid 8278 gold pieces to Gozag.

Inventory:

Hand Weapons
 j - a +9 hunting sling of flaming
 J - the +10 scimitar of Brawl (weapon) {venom, rPois Int+3}
   (You found it in a labyrinth)

   It poisons the flesh of those it strikes.
   It affects your intelligence (+3).
   It protects you from poison.
 X - a +3 demon trident of electrocution
Missiles
 k - 587 stones (quivered)
 w - 304 sling bullets
Armour
 b - a +1 hat of intelligence (worn)
 G - a +5 shield (worn)
Jewellery
 e - the amulet "Tirph" (around mantle) {rF- Regen+ Dex+4 Slay+3 Stlth+}
   (You bought it in a shop on level 2 of the Orcish Mines)

   [amulet of regeneration]

   It affects your dexterity (+4).
   It affects your accuracy and damage with ranged weapons and melee attacks
   (+3).
   It makes you vulnerable to fire.
   It increases your rate of regeneration.
   It makes you more stealthy.
 g - a +3 ring of protection (on tentacle)
 i - a ring of wizardry (on tentacle)
 q - an uncursed ring of protection from cold
 u - the ring "Calurero" (on tentacle) {rN+ Str+5 Int+4}
   (You bought it in a shop on level 2 of the Orcish Mines)

   [ring of intelligence]

   It affects your strength (+5).
   It affects your intelligence (+4).
   It protects you from negative energy.
 E - a +5 ring of intelligence (on tentacle)
 F - a ring of protection from fire (on tentacle)
 K - a ring of protection from magic (right tentacle)
 P - an uncursed ring of see invisible
 Q - a ring of protection from magic (on tentacle)
 Z - a +4 ring of strength (left tentacle)
Wands
 a - a wand of digging (9/24)
 d - a wand of confusion (32/48)
 r - a wand of digging (11/24)
 s - a wand of paralysis (5/24)
 v - a wand of acid (4/15)
 D - a wand of iceblast (6/15)
 M - a wand of clouds (1/9)
 N - a wand of iceblast (9/15)
 S - a wand of enslavement (6/24)
Scrolls
 c - a scroll of summoning
 l - 8 scrolls of teleportation
 m - 3 scrolls of blinking
 n - 7 scrolls of recharging
 o - 4 scrolls of fear
 p - 6 scrolls of immolation
 x - 10 scrolls of identify
 y - a scroll of remove curse
 B - a scroll of amnesia
 C - 9 scrolls of magic mapping
 H - a scroll of vulnerability
Potions
 z - 3 potions of invisibility
 A - 5 potions of lignification
 I - 2 potions of cancellation
 O - 5 potions of flight
 R - a potion of ambrosia
 U - 11 potions of curing
Miscellaneous
 W - a lamp of fire
Comestibles
 f - 6 bread rations
 h - 8 meat rations
 t - 38 fruits


   Skills:
 + Level 11.2 Fighting
   Level 1.0 Short Blades
 * Level 0.4(0.8) Long Blades
 - Level 7.1(7.8) Polearms
   Level 4.7(6.6) Staves
 - Level 13.1 Slings
 + Level 10.6 Dodging
 - Level 5.6 Stealth
 - Level 15.0 Shields
 - Level 5.9 Spellcasting
 - Level 3.3 Conjurations
 - Level 4.8 Hexes
 - Level 9.2 Charms
 - Level 5.8 Necromancy
 - Level 9.3 Air Magic
 - Level 4.3 Earth Magic
 - Level 4.3 Poison Magic
 * Level 3.1 Invocations
 - Level 8.6 Evocations


You had 8 spell levels left.
You knew the following spells:

 Your Spells              Type           Power        Failure   Level  Hunger
a - Mephitic Cloud        Conj/Pois/Air  #####...     1%          3    None
b - Regeneration          Chrm/Necr      ######....   1%          3    None
c - Deflect Missiles      Chrm/Air       ######....   9%          6    ######.
d - Leda's Liquefaction   Hex/Erth       ####......   3%          4    ###....
e - Summon Lightning Spi  Summ/Air       ####....     3%          4    ###....


Dungeon Overview and Level Annotations

Branches:
Dungeon (15/15) Temple (1/1) D:4 Lair (6/6) D:11 Shoals (4/4) Lair:4 Spider (1/4) Lair:3 Spider:1 Slime (0/5) Lair:6 Orc (2/2) D:11 Elf (0/3) Orc:2 Vaults (1/5) D:14 Depths (0/5) D:15

Altars:
Ashenzari
Cheibriados
Dithmenos
Elyvilon
Fedhas
Gozag
Hepliaklqana
Kikubaaqudgha
Makhleb
Nemelex Xobeh
Okawaru
Qazlal
Ru
Sif Muna
Trog
Uskayaw
Vehumet
Wu Jian
Xom
Yredelemnul
Zin
The Shining One
Jiyva

Shops:
D:6 =   D:7 (   D:8 !   D:10 (   D:14 }=   D:15 }   Orc:1 *   Orc:2 (=[:[**
Lair:4 [   Shoals:2 (

Portals:
Trove: D:11 (show slimy rune of Zot)

Annotations:
D:8 Kiel97's ghost, novice OgBe
Abyss:1 Ijyb


Innate Abilities, Weirdness & Mutations

You cannot wear most types of armour.
You are very stealthy in the water. (Stealth+)
You are amphibious.
You can wear up to eight rings at the same time.
You can use your tentacles to constrict eight enemies at once.
Your skin changes colour to match your surroundings (Stealth+).
Your rubbery body absorbs attacks. (AC +1, EV +1)
You have a beak for a mouth.
You are agile. (Dex +2)


Message History

You block the redback's attack. The redback completely misses you.
You block the redback's attack. You block the wolf spider's attack.
The wolf spider barely misses you. The redback completely misses you.
You riposte.
You hit the redback.
You kill the redback!
You block the wolf spider's attack. The wolf spider completely misses you.
The redback barely misses you.
You barely miss the redback. You peck the redback.
Your squeeze misses the redback.
The redback is severely wounded.
You constrict the wolf spider.
You kill the wolf spider!
Your Invocations skill increases to level 3!
You constrict the redback. The redback closely misses you.
The redback bites you!!
* * * LOW HITPOINT WARNING * * *
You are lethally poisoned!
The redback poisons you! The redback bites you!
You die...
Fedhas appreciates your contribution to the ecosystem.

#..^###..##
..#.#....###
.#####.)...#
##.###.##..###
#..#.###...#.###
.....#.##....#.###
.##.....###..#...## .#
.#..#....##.††....#..##
.#..#..#####...#@s....#
##.###...# #.#.##..#.##
#####...## ##### ..#
##....#.# ### #....####
####^..# #.##>.##
...#...# #### ..##..##
#≈≈##


You could see a redback (berserk).

Vanquished Creatures
  Nikola (Spider:1)
  Rupert (D:13)
  A kraken (Shoals:2)
  Donald (Shoals:2)
  Ilsuiw (Shoals:4)
  An orc warlord (Orc:2)
  An entropy weaver (Spider:1)
  12 merfolk impalers
  8 merfolk javelineers (Shoals:4)
  An ogre mage (D:15)
  A fire dragon (Lair:6)
  A minotaur (Lab)
  3 merfolk aquamancers (Shoals:4)
  8 vault guards
  12 hydras
  3 merfolk avatars
  A catoblepas (Lair:6)
  The ghost of endorz the Severer, a novice MiBe of Trog (D:11)
  7 two-headed ogres
  4 centaur warriors
  A death knight (D:13)
  A queen ant (Lair:2)
  5 satyrs
  A tengu warrior (D:15)
  3 orc high priests (Orc:2)
  Sonja (D:15)
  Nergalle (Lair:4)
  A fire crab (Lair:6)
  6 skeletal warriors
  11 sea snakes
  3 unseen horrors
  Pikel (D:7)
  3 orc knights (Orc:2)
  A necromancer (D:15)
  A wizard (D:15)
  12 harpies
  A wolf spider zombie (D:15)
  4 oklob plants (Lair:3)
  10 ugly things
  A phantasmal warrior (D:15)
  A stone giant zombie (D:15)
  3 orb spiders
  4 cyclopes
  5 orc sorcerers
  25 fauns
  3 wolf spiders (Spider:1)
  7 manticores
  24 elephants
  A stone giant skeleton (D:15)
  14 merfolk sirens
  6 water nymphs
  13 black mambas
  11 spiny frogs
  The ghost of MenacingMecha the Basher, a novice GnWn (D:5)
  2 gargoyles
  2 molten gargoyles (Lair:6)
  3 rime drakes
  A spriggan zombie (D:15)
  3 demonic crawlers (Spider:1)
  10 komodo dragons
  A tengu conjurer (D:15)
  2 jumping spiders (Spider:1)
  A yaktaur skeleton (D:15)
  A guardian mummy (D:15)
  6 trolls
  A polar bear (Lair:3)
  30 merfolk
  9 snapping turtles
  10 slime creatures (D:15)
  8 wind drakes
  A minotaur skeleton (Lab)
  11 hippogriffs
  A meliai zombie (D:9)
  Sigmund (D:6)
  11 redbacks
  28 yaks
  5 shadows
  A centaur simulacrum (D:15)
  3 tarantellas (Spider:1)
  A vampire (D:15)
  A basilisk (shapeshifter) (D:14)
  A hog (shapeshifter) (D:13)
  6 water elementals
  6 wyverns
  3 wraiths (Spider:1)
  4 basilisks
  3 hungry ghosts
  2 steam dragons (Lair:6)
  Menkaure (D:7)
  3 vampire mosquitoes (D:14)
  2 wargs (Orc:1)
  2 acid dragons (D:13)
  5 soldier ants
  5 hell hounds (Lair:6)
  9 porcupines
  16 water moccasins
  2 black bears (D:10)
  2 ice beasts
  45 orc warriors
  4 sky beasts
  A necrophage (D:7)
  An eye of draining (D:15)
  14 ogres
  A phantom (D:8)
  22 centaurs
  28 wolves
  15 crocodiles
  A big kobold (D:9)
  19 bullfrogs
  A gnoll sergeant (D:11)
  3 scorpions (D:7)
  A water moccasin skeleton (D:7)
  2 wyvern skeletons
  6 killer bees (D:9)
  19 wights
  5 howler monkeys
  An electric eel (Lair:3)
  5 lava snakes (Lair:6)
  3 bullfrog zombies
  2 crimson imps
  3 centaur zombies
  10 hounds
  A quasit (D:11)
  Crazy Yiuf (D:2)
  5 centaur skeletons
  5 jellies
  44 orc wizards
  A gnoll shaman (D:6)
  36 orc priests
  Jessica (D:3)
  A bullfrog skeleton (D:10)
  Natasha (thrice) (D:3)
  3 iguanas
  31 worker ants
  A killer bee zombie (D:7)
  A hound zombie (D:8)
  3 hound skeletons
  Robin (D:3)
  A howler monkey zombie (D:6)
  13 gnolls
  7 adders
  5 shadow imps
  An ooze (D:4)
  A dart slug (D:3)
  A worm (D:4)
  5 leopard geckos
  102 orcs
  4 bats
  5 giant cockroaches
  13 goblins
  11 hobgoblins
  6 jackals
  5 quokkas
  A ball python (D:4)
  A jackal skeleton (D:6)
  9 kobolds
  A leopard gecko skeleton (D:6)
  10 rats
  6 plants
  A tentacle (Shoals:2)
  A withered plant (D:15)
1041 creatures vanquished.

Vanquished Creatures (collateral kills)
  A stone giant (Orc:1)
  A merfolk aquamancer (Shoals:2)
  An orc high priest (Orc:2)
  2 orc warriors (Orc:2)
  A hound (D:7)
  An orc priest (Orc:2)
  A jelly (D:7)
  2 orc wizards (Orc:2)
  10 orcs
  A goblin (D:3)
  A rat (D:1)
22 creatures vanquished.

Vanquished Creatures (others)
  Josephine (Spider:1)
  A sea snake (Shoals:2)
  An unseen horror (D:15)
  An orc knight (Orc:2)
  A cyclops (Orc:2)
  A komodo dragon (Lair:6)
  2 wraiths (Spider:1)
  2 orc warriors (Orc:2)
  2 ogres
  A centaur (D:5)
  A human (D:4)
  A bullfrog (D:7)
  A hound (D:7)
  2 orc wizards (Orc:2)
  A gnoll (D:5)
  6 fungi
  55 plants
  5 tentacles (Shoals:2)
  A withered plant (D:15)
86 creatures vanquished.

Grand Total: 1149 creatures vanquished

Notes
Turn   | Place    | Note
-------+----------+-------------------------------------------
     0 | D:1      | M4edhros the Octopode Artificer began the quest for the Orb.
     0 | D:1      | Reached XP level 1. HP: 13/13 MP: 3/3
    79 | D:1      | Reached XP level 2. HP: 4/18 MP: 4/4
   942 | D:2      | Reached XP level 3. HP: 23/23 MP: 5/5
  1017 | D:2      | Found an opulent altar of Gozag.
  1106 | D:2      | Became a worshipper of Gozag Ym Sagoz the Greedy
  1630 | D:2      | Found a runed door.
  1634 | D:2      | Noticed Crazy Yiuf
  1638 | D:2      | Killed Crazy Yiuf
  1638 | D:2      | Reached skill level 5 in Stealth
  1638 | D:2      | Reached XP level 4. HP: 11/28 MP: 6/6
  1860 | D:3      | Noticed Jessica
  1864 | D:3      | Killed Jessica
  1864 | D:3      | Reached skill level 1 in Staves
  1887 | D:3      | Noticed Natasha
  1894 | D:3      | Killed Natasha
  1894 | D:3      | Reached XP level 5. HP: 31/33 MP: 7/7
  1958 | D:3      | Noticed Natasha
  1976 | D:3      | Killed Natasha
  2014 | D:3      | Noticed Robin
  2015 | D:3      | Noticed Ijyb
  2038 | D:3      | Noticed Natasha
  2044 | D:3      | Killed Natasha
  2055 | D:3      | Your ally died
  2147 | D:3      | Banished Ijyb
  2147 | D:3      | Reached XP level 6. HP: 23/40 MP: 8/8
  2520 | D:4      | Found an ancient bone altar of Kikubaaqudgha.
  2697 | D:4      | Found a staircase to the Ecumenical Temple.
  2715 | D:4      | Noticed a human
  2719 | D:4      | Killed a human
  2824 | D:4      | Found a shadowy altar of Dithmenos.
  3402 | D:5      | Entered Level 5 of the Dungeon
  3479 | D:5      | Identified the Tome of Dark Magic
  3574 | D:5      | Found a burning altar of Makhleb.
  3588 | D:5      | Noticed MenacingMecha's ghost (novice GnWn)
  3843 | D:5      | Noticed an ice beast
  3847 | D:5      | Killed an ice beast
  3847 | D:5      | Reached XP level 7. HP: 46/46 MP: 9/9
  3888 | D:5      | Gained mutation: You are frail. (-10% HP) [potion of mutation]
  3888 | D:5      | Gained mutation: You evolve. [potion of mutation]
  3888 | D:5      | Gained mutation: Your flesh is heat resistant. (rF+) [potion of mutation]
  3888 | D:5      | Gained mutation: You are surrounded by a mild repulsion field. (EV +2) [potion of mutation]
  4152 | D:5      | Lost mutation: You are frail. (-10% HP) [evolution]
  4152 | D:5      | Lost mutation: You evolve. [end of evolution]
  4624 | D:6      | Found a stormy altar of Qazlal.
  4777 | D:6      | Reached XP level 8. HP: 18/54 MP: 10/10
  5104 | D:6      | Found a basalt altar of Yredelemnul.
  5108 | D:6      | Reached skill level 5 in Fighting
  5109 | D:6      | Found a deep blue altar of Sif Muna.
  5277 | D:6      | Noticed Sigmund
  5284 | D:6      | Killed Sigmund
  5284 | D:6      | Reached skill level 5 in Dodging
  5507 | D:7      | Found a shattered altar of Ashenzari.
  5827 | D:7      | Noticed Pikel
  5862 | D:7      | Killed Pikel
  5862 | D:7      | Reached XP level 9. HP: 19/64 MP: 11/11
  6237 | D:7      | Noticed Menkaure
  6243 | D:7      | Killed Menkaure
  6281 | D:7      | Found a shimmering altar of Xom.
  6392 | D:7      | Found Jezusk's Antique Weapon Boutique.
  6395 | D:7      | Bought a glowing hunting sling for 148 gold pieces
  6542 | D:7      | Found a burning altar of Makhleb.
  6555 | D:7      | Reached skill level 1 in Slings
  6555 | D:7      | Reached skill level 1 in Shields
  6638 | D:7      | Reached skill level 2 in Shields
  6921 | D:7      | Reached skill level 3 in Shields
  6921 | D:7      | Reached XP level 10. HP: 32/72 MP: 12/12
  7369 | D:5      | Killed MenacingMecha's ghost
  7929 | D:8      | Reached skill level 4 in Shields
  7932 | D:8      | Noticed Kiel97's ghost (novice OgBe)
  8168 | D:8      | Noticed a two-headed ogre
  8176 | D:8      | Killed a two-headed ogre
  8176 | D:8      | Reached skill level 5 in Slings
  8176 | D:8      | Reached skill level 5 in Shields
  8347 | D:8      | Found Zaaleh's Distillery.
  8357 | D:8      | Bought a potion of mutation for 96 gold pieces
  8357 | D:8      | Lost mutation: Your flesh is heat resistant. (rF+) [potion of mutation]
  8357 | D:8      | Lost mutation: You are surrounded by a mild repulsion field. (EV +2) [potion of mutation]
  8357 | D:8      | Gained mutation: Scrolls take you a little longer to read. [potion of mutation]
  8357 | D:8      | Gained mutation: You are agile. (Dex +2) [potion of mutation]
  8357 | D:8      | Gained mutation: Potions are less effective at restoring your health. [potion of mutation]
  8357 | D:8      | Gained mutation: Your flesh is cold resistant. (rC+) [potion of mutation]
  8358 | D:8      | Bought a potion of mutation for 96 gold pieces
  8358 | D:8      | Lost mutation: Your flesh is cold resistant. (rC+) [potion of mutation]
  8358 | D:8      | Lost mutation: You are agile. (Dex +2) [potion of mutation]
  8358 | D:8      | Gained mutation: Your body sometimes deteriorates upon taking damage. [potion of mutation]
  8358 | D:8      | Gained mutation: You are robust. (+10% HP) [potion of mutation]
  8358 | D:8      | Gained mutation: You are occasionally teleported next to monsters. [potion of mutation]
  8358 | D:8      | Gained mutation: Your muscles are strong. (Str +2) [potion of mutation]
  9147 | D:9      | Reached skill level 6 in Shields
  9751 | D:9      | Reached skill level 7 in Shields
 10324 | D:10     | Entered Level 10 of the Dungeon
 10327 | D:10     | Reached XP level 11. HP: 84/84 MP: 13/13
 10485 | D:10     | Killed an unseen horror
 10969 | D:10     | Reached skill level 8 in Shields
 11842 | D:11     | Noticed a cyclops
 11852 | D:11     | Killed a cyclops
 11948 | D:11     | Noticed a cyclops
 11955 | D:11     | Killed a cyclops
 12402 | D:11     | Noticed endorz's ghost (novice MiBe)
 12876 | D:11     | Noticed an unseen horror
 12883 | D:11     | Killed an unseen horror
 12883 | D:11     | Reached skill level 9 in Shields
 12898 | D:11     | Found a staircase to the Orcish Mines.
 12934 | D:11     | Found a portal to a secret trove of treasure.
 13052 | D:11     | Found a staircase to the Lair.
 13505 | D:12     | Noticed an eight-headed hydra
 13514 | D:12     | Killed an eight-headed hydra
 13708 | D:12     | Found a sacrificial altar of Ru.
 13910 | D:12     | Reached XP level 12. HP: 91/91 MP: 14/14
 13953 | D:12     | Noticed a two-headed ogre
 13960 | D:12     | Killed a two-headed ogre
 13960 | D:12     | Reached skill level 10 in Slings
 13960 | D:12     | Reached skill level 10 in Shields
 14224 | D:13     | Found a labyrinth entrance.
 14260 | Lab      | Entered a labyrinth
 14578 | Lab      | Noticed a minotaur
 14611 | Lab      | Killed a minotaur
 14644 | Lab      | Identified the Volume of Assistive Stones
 14646 | Lab      | Got a bloodstained scimitar
 14649 | Lab      | Identified a scroll of acquirement
 14653 | Lab      | Identified the +10 scimitar of Brawl {venom, rPois Int+3} (You found it in a labyrinth)
 14701 | D:13     | Noticed a centaur warrior
 14709 | D:13     | Killed a centaur warrior
 14930 | D:13     | Found a sacrificial altar of Ru.
 15045 | D:13     | Noticed Rupert
 15235 | D:14     | Reached skill level 11 in Shields
 15294 | D:14     | Found a gate to the Vaults.
 15294 | D:14     | Noticed a vault guard
 15294 | D:14     | Noticed a vault guard
 15294 | D:14     | Noticed a vault guard
 15294 | D:14     | Noticed a vault guard
 15294 | D:14     | Noticed a vault guard
 15295 | D:14     | Noticed a vault guard
 15295 | D:14     | Noticed a vault guard
 15295 | D:14     | Noticed a vault guard
 15312 | D:14     | Killed a vault guard
 15343 | D:14     | Killed a vault guard
 15532 | Orc:1    | Entered Level 1 of the Orcish Mines
 15770 | Orc:1    | Noticed a stone giant
 15857 | Orc:1    | Killed a stone giant
 15898 | Orc:1    | Reached skill level 12 in Shields
 15947 | Orc:1    | Found Moummepe's Merry Market.
 16174 | Orc:2    | Entered Level 2 of the Orcish Mines
 16185 | Orc:2    | Reached XP level 13. HP: 96/96 MP: 15/15
 16322 | Orc:2    | Noticed an orc warlord
 16498 | Orc:2    | Found a staircase to the Elven Halls.
 16635 | D:10     | Lost mutation: Your muscles are strong. (Str +2) [potion of mutation]
 16635 | D:10     | Lost mutation: You are occasionally teleported next to monsters. [potion of mutation]
 16635 | D:10     | Lost mutation: Your body sometimes deteriorates upon taking damage. [potion of mutation]
 16635 | D:10     | Gained mutation: You evolve. [potion of mutation]
 16635 | D:10     | Gained mutation: Your muscles are strong. (Str +2) [potion of mutation]
 16635 | D:10     | Gained mutation: Potions are poor at restoring your health. [potion of mutation]
 16635 | D:10     | Gained mutation: You possess an exceptional clarity of mind. [potion of mutation]
 16847 | Orc:2    | Gained mutation: You are resistant to hostile enchantments. (MR+) [evolution]
 17313 | Orc:2    | Killed an orc warlord
 17313 | Orc:2    | Reached skill level 5 in Evocations
 17407 | Orc:2    | Reached skill level 13 in Shields
 17999 | Orc:2    | Found Odaxtiph's Antique Armour Boutique.
 18000 | Orc:2    | Found Jinakh's Antique Weapon Shop.
 18001 | Orc:2    | Found Estie's General Store.
 18001 | Orc:2    | Found Yxyr's Book Boutique.
 18071 | Orc:2    | Bought the amulet "Tirph" {rF- Regen+ Dex+4 Slay+3 Stlth+} for 753 gold pieces
 18084 | Orc:2    | Learned a level 3 spell: Mephitic Cloud
 18088 | Orc:2    | Learned a level 3 spell: Regeneration
 18208 | D:11     | Killed endorz's ghost
 18254 | Lair:1   | Entered Level 1 of the Lair of Beasts
 18527 | Lair:1   | Reached skill level 1 in Poison Magic
 18566 | Lair:1   | Reached skill level 1 in Conjurations
 18566 | Lair:1   | Reached skill level 1 in Charms
 18609 | Lair:1   | Reached skill level 1 in Air Magic
 18740 | Lair:1   | Reached skill level 1 in Spellcasting
 18740 | Lair:1   | Reached skill level 1 in Necromancy
 18893 | Lair:1   | Reached XP level 14. HP: 104/104 MP: 18/18
 19760 | Lair:2   | Lost mutation: Scrolls take you a little longer to read. [potion of mutation]
 19760 | Lair:2   | Lost mutation: You are robust. (+10% HP) [potion of mutation]
 19760 | Lair:2   | Lost mutation: You evolve. [potion of mutation]
 19760 | Lair:2   | Lost mutation: You possess an exceptional clarity of mind. [potion of mutation]
 19760 | Lair:2   | Lost mutation: Your muscles are strong. (Str +2) [potion of mutation]
 19760 | Lair:2   | Gained mutation: Your magical capacity is low. (-10% MP) [potion of mutation]
 19760 | Lair:2   | Gained mutation: Your spells are a little harder to cast, but a little more powerful. [potion of mutation]
 20853 | Lair:3   | Identified Cimiq's Guide on Assistive Stones
 20862 | Lair:3   | Learned a level 6 spell: Deflect Missiles
 21535 | Lair:3   | Found a hole to the Spider Nest.
 22097 | Lair:4   | Identified the Collected Works on Stones
 22111 | Lair:4   | Learned a level 4 spell: Leda's Liquefaction
 22197 | Lair:4   | Noticed Nergalle
 22213 | Lair:4   | Killed Nergalle
 22398 | Lair:4   | Lost mutation: Your magical capacity is low. (-10% MP) [potion of mutation]
 22398 | Lair:4   | Lost mutation: Potions are poor at restoring your health. [potion of mutation]
 22398 | Lair:4   | Lost mutation: Your spells are a little harder to cast, but a little more powerful. [potion of mutation]
 22398 | Lair:4   | Gained mutation: Your mind is acute. (Int +2) [potion of mutation]
 22398 | Lair:4   | Gained mutation: You evolve. [potion of mutation]
 22614 | Lair:4   | Reached skill level 1 in Hexes
 23011 | Lair:4   | Found a staircase to the Shoals.
 23039 | Lair:4   | Reached skill level 1 in Earth Magic
 23593 | Lair:5   | Reached XP level 15. HP: 101/101 MP: 20/20
 23855 | Lair:6   | Entered Level 6 of the Lair of Beasts
 24082 | Lair:5   | Reached skill level 14 in Shields
 24303 | Lair:6   | Found a viscous altar of Jiyva.
 24303 | Lair:6   | Found a staircase to the Slime Pits.
 24357 | Lair:6   | Lost mutation: You evolve. [potion of mutation]
 24357 | Lair:6   | Lost mutation: Potions are less effective at restoring your health. [potion of mutation]
 24357 | Lair:6   | Lost mutation: You are resistant to hostile enchantments. (MR+) [potion of mutation]
 24357 | Lair:6   | Lost mutation: Your mind is acute. (Int +2) [potion of mutation]
 24357 | Lair:6   | Gained mutation: You have a beak for a mouth. [potion of mutation]
 24357 | Lair:6   | Gained mutation: You are agile. (Dex +2) [potion of mutation]
 24756 | Lair:6   | Found a large runed door.
 24758 | Lair:6   | Found a large runed door.
 24982 | Lair:6   | Reached skill level 5 in Air Magic
 25868 | Shoals:1 | Entered Level 1 of the Shoals
 26205 | Shoals:1 | Reached skill level 5 in Charms
 26459 | Shoals:1 | Learned a level 4 spell: Summon Lightning Spire
 26992 | Shoals:2 | Noticed Donald
 27009 | Shoals:2 | Killed Donald
 27103 | Shoals:2 | Reached XP level 16. HP: 95/108 MP: 22/22
 27449 | Orc:2    | Bought the ring "Calurero" {rN+ Str+5 Int+4} for 681 gold pieces
 28032 | Shoals:2 | Noticed a kraken
 28048 | Shoals:2 | Killed a kraken
 28248 | Shoals:2 | Reached skill level 5 in Necromancy
 28460 | Shoals:2 | Reached skill level 1 in Polearms
 29947 | Shoals:4 | Entered Level 4 of the Shoals
 30531 | Shoals:4 | Noticed Ilsuiw
 30551 | Shoals:4 | Killed Ilsuiw
 30551 | Shoals:4 | Reached skill level 10 in Fighting
 30563 | Shoals:4 | Reached XP level 17. HP: 79/115 MP: 22/24
 30717 | Shoals:4 | Reached skill level 15 in Shields
 30813 | Shoals:4 | Got a barnacled rune of Zot
 30970 | Shoals:4 | Upgraded the game from 0.20-a0-1116-gaa52201 to 0.20-a0-1118-g35a2cd3
 31083 | Shoals:4 | Reached skill level 5 in Spellcasting
 31497 | Shoals:4 | Reached skill level 5 in Polearms
 32297 | D:13     | Killed Rupert
 32419 | D:14     | Found Efoh's Gadget Boutique.
 32781 | D:14     | Reached skill level 10 in Dodging
 33399 | D:15     | Entered Level 15 of the Dungeon
 33418 | D:15     | Noticed Sonja
 33424 | D:15     | Killed Sonja
 33449 | D:15     | Found Boyrixt's Gadget Boutique.
 33780 | D:15     | Found a staircase to the Depths.
 33875 | D:15     | Reached XP level 18. HP: 78/122 MP: 26/26
 34680 | Vaults:1 | Entered Level 1 of the Vaults
 34948 | Temple   | Entered the Ecumenical Temple
 35032 | Temple   | Fell from the grace of Gozag
 35032 | Temple   | Became a worshipper of Fedhas Madash
 35245 | Spider:1 | Entered Level 1 of the Spider Nest
 35329 | Spider:1 | Reached skill level 1 in Invocations
 35459 | Spider:1 | Noticed Josephine
 35466 | Spider:1 | Noticed Nikola
 35470 | Spider:1 | Killed Josephine
 35476 | Spider:1 | Killed Nikola
 35842 | Spider:1 | HP: 6/124 [redback (21)]
 35842 | Spider:1 | Mangled by a redback

Vault maps used:
D:1:      evilmike_arrival_crescent
D:2:      grunt_gozag_breadcrumbs, uniq_crazy_yiuf_cottage
D:3:      uniq_robin, uniq_ijyb, uniq_jessica, uniq_natasha
D:4:      kennysheep_big_flooded_room, grunt_dithmenos_shadows,
          minmay_temple_entry_hall, serial_co_window_serial,
          co_window_of_opportunity_a, co_window_paths_b, co_window_paths_b,
          co_window_corner_a, co_window_paths_b, co_window_cross_2,
          co_window_corner_b, co_window_unsneaky_path_d, co_window_corner_ca,
          co_window_of_opportunity_c, co_window_2corner, co_window_cross_2,
          glass_columns_b, tgw_kikubaaqudgha
D:5:      overflow_temple_1_default, first_bread
D:6:      minitemple, lemuel_coloured_pillars_altar, minmay_misc_feat_hallway,
          uniq_sigmund
D:7:      nicolae_ashenzari_panopticon, tgw_xom, serial_shops, kennysheep_mini,
          grunt_ogre_cave, makhleb_blood_cavern_becter, uniq_pikel,
          uniq_menkaure
D:8:      serial_shops, nicolae_shop_window_shopping
D:9:      minmay_curly_fans
D:11:     david_lair_shrubbed, orc_0_dummy, enter_trove_3
D:12:     basic_altar
D:13:     basic_altar, lab_entry_generic, uniq_rupert
D:14:     erik_vaults_2, abandoned_shop, serial_shops, shop,
          kennysheep_generic_room_9
D:15:     gammafunk_depths_entry_grave, minmay_misc_feat_plants, serial_shops,
          shop, minmay_fountain_box, uniq_sonja
Temple:   jpeg_temple_clearing
Lair:1:   cheibrodos_lair_river_kwai, serial_bayou_lagoon_b
Lair:2:   minivault_24, zaba_antful_of_joy
Lair:3:   nicolae_spider_entry_orb_guardian, serial_bayou_pond_c,
          minmay_lair_oklob_chamber, serial_bayou_shore_a
Lair:4:   minmay_shoals_entry_lonely_mermaid, grunt_forest_large_clearings,
          grunt_megastairs_2, serial_bayou_shore_b, lemuel_fruit_fields,
          serial_bayou_shore_b, serial_bayou_shore_b, uniq_nergalle
Lair:6:   cheibrodos_lair_end_hotspot, slime_altar_1, columned_hall_lemuel,
          st_stairs_3
Shoals:2: cheibrodos_shoals_epimethial_gifts, uniq_donald
Shoals:4: shoals_end_grunt_garden, shoals_ilsuiw_ice
Spider:1: uniq_nikola, uniq_josephine
Orc:1:    nicolae_alphabet_shops
Orc:2:    st_orc_congregation
Vaults:1: ontoclasm_vaults_eye, vaults_dpeg_diagonal,
          nicolae_vaults_ninety_degrees, v_misc_29,
          nicolae_vaults_little_squares_2, v_misc_1,
          nicolae_vaults_network_square, v_alt_pattern_5,
          vaults_room_ringed_pool, vaults_room_pool
Lab:      nicolae_lab_very_dead_end, nicolae_lab_lava, nicolae_lab_do_over,
          nicolae_lab_grate, nicolae_lab_quarters, labyrinth_lava_lair,
          lab_hedge, nicolae_lab_grate_2

Skill      XL: |  1  2  3  4  5  6  7  8  9 10 11 12 13 14 15 16 17 18 |
---------------+-------------------------------------------------------+-----
Stealth        | 3 4 5 |  5.6
Staves         | 1 2 4 |  4.7
Fighting       | 2 3 4 7 8 9 10 11 | 11.2
Dodging        | 3 4 7 8 9 10 | 10.6
Slings         | 3 6 9 11 13 | 13.1
Shields        | 3 7 9 12 13 14 15 | 15.0
Evocations     | 5 6 7 8 |  8.6
Poison Magic   | 1 4 |  4.3
Conjurations   | 1 3 |  3.3
Charms         | 1 3 5 7 8 9 |  9.2
Air Magic      | 1 3 6 7 9 |  9.3
Spellcasting   | 1 3 4 5 |  5.9
Necromancy     | 1 3 4 5 |  5.8
Hexes          | 1 3 4 |  4.8
Earth Magic    | 1 2 3 4 |  4.3
Polearms       | 4 6 7 |  7.1
Invocations    | 3 |  3.1
Short Blades   | |  1.0
Long Blades    | |  0.4

Action                   |  1- 3 |  4- 6 |  7- 9 | 10-12 | 13-15 | 16-18 || total
-------------------------+-------+-------+-------+-------+-------+-------++-------
Melee: Short sword       |    54 |       |       |       |       |       ||    54
       Constrict         |    16 |    19 |    34 |       |       |    17 ||    86
       Tentacles         |     7 |    13 |    48 |       |       |    27 ||    95
       Quarterstaff      |       |    80 |    11 |       |       |       ||    91
       Unarmed           |       |    10 |       |       |       |       ||    10
       Rapier            |       |       |   154 |       |       |       ||   154
       Dagger            |       |       |     5 |       |       |       ||     5
       Scimitar          |       |       |       |       |       |    61 ||    61
       Peck              |       |       |       |       |       |    28 ||    28
 Fire: Hunting sling     |       |       |    70 |   963 |  1866 |  1494 ||  4393
 Cast: Mephitic Cloud    |       |       |       |       |       |     1 ||     1
       Deflect Missiles  |       |       |       |       |       |     2 ||     2
Invok: Call Merchant     |       |       |     1 |     1 |     4 |     2 ||     8
Evoke: Wand              |     2 |     9 |    26 |     3 |    27 |     3 ||    70
       Lamp of fire      |       |       |       |     1 |     3 |     2 ||     6
  Use: Potion            |       |     2 |    13 |     5 |     4 |     7 ||    31
       Scroll            |       |     1 |    15 |    15 |    13 |     4 ||    48
 Stab: Sleeping          |     8 |    12 |     4 |       |       |     1 ||    25
       Distracted        |     1 |     2 |     1 |       |       |       ||     4
       Paralysed         |       |     1 |       |       |       |       ||     1
       Confused          |       |       |     1 |       |       |       ||     1
  Eat: Bread ration      |     1 |     1 |     1 |     8 |     1 |     5 ||    17
       Royal jelly       |       |     1 |     1 |     1 |     9 |     3 ||    15
Armor: Skin              |     8 |     3 |    46 |    35 |    27 |    17 ||   136
Dodge: Dodged            |    33 |    66 |   126 |   133 |   204 |   251 ||   813
       Deflected         |       |       |       |       |       |     4 ||     4
Block: Shield            |       |       |   102 |   201 |   384 |   449 ||  1136
       Rpst.: Scimitar   |       |       |       |       |       |    10 ||    10
